 Dungeon Crawl Stone Soup version 0.29-a0-284-gf9362112df (webtiles) character file.

Game seed: 11328797457634100784

41 siradein the Shooter (level 3, -2/28 HPs)
             Began as a Demonspawn Hunter on Apr 1, 2022.
             Slain by Natasha (4 damage)
             ... on level 3 of the Dungeon.
             The game lasted 00:03:31 (961 turns).

siradein the Shooter (Demonspawn Hunter)             Turns: 961, Time: 00:03:32

Health: -2/28      AC:  5    Str: 11    XL:     3   Next: 32%
Magic:  3/3        EV: 12    Int: 10    God:
Gold:   118        SH:  0    Dex: 18    Spells: 2/2 levels left

rFire   . . .      SeeInvis .   a - +1 shortbow
rCold   . . .      Faith    .   (shield currently unavailable)
rNeg    . . .      Spirit   .   b - +0 leather armour
rPois   .          Reflect  .   (helmet restricted)
rElec   .          Harm     .   e - +0 cloak
rCorr   .          Rampage  .   (no gloves)
Will    .....                   l - +0 pair of boots
Stlth   ++........              (no amulet)
HPRegen 0.09/turn               (no ring)
MPRegen 0.08/turn               (no ring)

@: slowed, very slow
A: horns 1, demonic magic 1
a: no special abilities


You were on level 3 of the Dungeon.
You visited 1 branch of the dungeon, and saw 3 of its levels.

You collected 118 gold pieces.

Inventory:

Hand Weapons
 a - a +1 shortbow (weapon)
 f - a +0 vampiric spear
Armour
 b - a +0 leather armour (worn)
 e - a +0 cloak (worn)
 l - a +0 pair of boots (worn)
Scrolls
 c - a scroll of immolation
 d - a scroll of noise {unknown}
 j - 2 scrolls of identify {unknown}
 m - a scroll of vulnerability {unknown}
Potions
 g - 2 potions of curing {unknown}
 h - a potion of resistance {unknown}
 i - 2 potions of degeneration {unknown}
 k - a potion of might {unknown}


   Skills:
 + Level 2.4 Fighting
 * Level 4.1 Bows
 + Level 2.2 Dodging
 + Level 1.5 Stealth


You had 2 spell levels left.
You didn't know any spells.
Your spell library contained the following spells:

 Spells                   Type           Power      Damage    Failure   Level
 Corpse Rot               Necr/Air       0%         N/A       58%         2
 Ensorcelled Hibernation  Hex/Ice        0%         N/A       58%         2
 Poisonous Vapours        Pois/Air       0%         N/A       58%         2
 Spider Form              Tmut/Pois      0%         N/A       83%         3
 Anguish                  Hex/Necr       0%         N/A       99%         4


Dungeon Overview and Level Annotations

Branches:
Dungeon (3/15)

Altars:

Annotations:
D:3 Natasha


Innate Abilities, Weirdness & Mutations

You have a pair of small horns on your head.
Spells you cast may paralyse adjacent enemies.


Message History

An orc priest comes into view. It is wielding a +0 flail of draining.
The white imp gestures at you. The puff of frost misses you.
The white imp disappears for a moment.
Natasha claws you. Natasha attacks as you move away! Natasha claws you.
Natasha casts a spell at you.
You feel yourself slow down.
The white imp shouts, "Back with thee, thou fulsome wibble-sucking mish-mash!"
Natasha stares at you and mumbles some strange words.
You feel as though you will be slow longer.
A rat comes into view.
Natasha closely misses you.
You shoot an arrow. The arrow hits Natasha!
Natasha is heavily wounded.
Natasha casts a spell.
Natasha closely misses you. The white imp gestures at you.
The puff of frost hits you!
You are too injured to fight recklessly!
You are too injured to fight recklessly!
You are too injured to fight recklessly!
You are too injured to fight recklessly!
Unknown command.
The white imp closely misses you. Natasha closely misses you.
Natasha attacks as you move away! Natasha claws you but does no damage.
The white imp gestures at you. The puff of frost hits you!
* * * LOW HITPOINT WARNING * * *
Natasha closely misses you. The white imp gestures at you.
The puff of frost hits you.
* * * LOW HITPOINT WARNING * * *
Unknown command.
Natasha stares at you and mumbles some strange words.
You feel as though you will be slow longer.
Natasha attacks as you move away! Natasha closely misses you.
The white imp disappears in a puff of smoke!
Natasha claws you.
You die...

........ .......
#...#.# #...#.# #
#...#.# #.#...#.#
#.#...#.# ####.
#.....<.######......
###...####.h@....#
##.#####5#####.#
########.....g.####
#(.>.....##.r.....#
.#####..##ยง##.##.#
#........##.##.#
.....#...#.###...#
..####..........#
......#.#####.#


You could see Natasha, a white imp (summoned), a hobgoblin and a rat.

Vanquished Creatures
  2 worms (D:2)
  2 dart slugs
  An orc (D:3)
  A ball python (D:1)
  2 endoplasms
  3 giant cockroaches (D:2)
  2 hobgoblins
  A bat (D:2)
  3 frilled lizards
  5 goblins
  5 kobolds
  4 rats
31 creatures vanquished.

Notes
Turn   | Place    | Note
-------+----------+-------------------------------------------
     0 | D:1      | siradein the Demonspawn Hunter began the quest for the Orb.
     0 | D:1      | Reached XP level 1. HP: 16/16 MP: 1/1
    60 | D:1      | Reached skill level 1 in Stealth
   159 | D:1      | Gained mutation: You have a pair of small horns on your
                  | head. [demonic ancestry]
   159 | D:1      | Reached XP level 2. HP: 22/22 MP: 2/2
   473 | D:1      | You fall into a shaft and drop 1 floor!
   616 | D:2      | Reached skill level 4 in Bows
   771 | D:2      | Gained mutation: Spells you cast may paralyse adjacent
                  | enemies. [demonic ancestry]
   771 | D:2      | Reached XP level 3. HP: 28/28 MP: 3/3
   942 | D:3      | Noticed Natasha
   961 | D:3      | Slain by Natasha

Illustrated notes

Levels and vault maps discovered:
D:1:      amcnicky_arrival_choice, layout_loops_ring,
          corexii_hall_statues_deadend
D:2:      layout_rooms
D:3:      layout_loops_cross, nicolae_overflow_crystal_walls, uniq_sigmund,
          uniq_natasha

Skill      XL: |  1  2 |
---------------+-------+-----
Stealth        | 1 |  1.5
Dodging        | 2 |  2.2
Bows           | 4 |  4.1
Fighting       | |  2.4

Action                   || total
-------------------------++-------
 Fire: Shortbow          ||    76
Armor: Leather armour    ||     6
Dodge: Dodged            ||     8

Table legend: (Time is in decaauts)
 A = Elapsed time spent in this place.
 B = Non-inter-level travel time spent in this place.
 C = Inter-level travel time spent in this place.
 D = Time resting spent in this place.
 E = Time spent auto-exploring this place.
 F = Levels seen in this place.
 G = Mean time per level.
                   A        B        C        D        E       F      G
               +--------+--------+--------+--------+--------+-----+--------+
         Total |    991 |    977 |     14 |      0 |    766 |   3 |  330.3 |
       Dungeon |    991 |    977 |     14 |      0 |    766 |   3 |  330.3 |
               +--------+--------+--------+--------+--------+-----+--------+

Top non-repeatable levels by time:
     D:1: 482 daAuts
     D:2: 449 daAuts
     D:3: 60 daAuts
